 Dungeon Crawl Stone Soup version 0.24-a0-190-g063869c372 (webtiles) character file.

Game seed: 4940375131915745894

941 MrRokkomies the Sneak (level 8, -4/50 HPs)
             Began as an Octopode Assassin on Mar 18, 2019.
             Slain by an orc warrior
             ... wielding a +0 trident
              (23 damage)
             ... on level 6 of the Dungeon.
             The game lasted 00:17:24 (5733 turns).

MrRokkomies the Sneak (Octopode Assassin)           Turns: 5733, Time: 00:17:25

Health: -4/50      AC:  1    Str: 11    XL:     8   Next: 12%
Magic:  8/8        EV: 15    Int: 13    God:
Gold:   291        SH:  6    Dex: 21    Spells: 7/7 levels left

rFire    . . .     SeeInvis .   a - +0 dagger (venom)
rCold    . . .     Gourm    .   t - +0 buckler
rNeg     . . .     Faith    .   (helmet restricted)
rPois    .         Spirit   .   A - amulet of magic regeneration
rElec    .         Reflect  .   e - +6 ring of dexterity
rCorr    .         Harm     .   (no ring)
MR       .....                  (no ring)
Stlth    +++++.....             (no ring)
HPRegen  0.16/turn              (no ring)
MPRegen  0.36/turn              (no ring)
                                (no ring)
                                (no ring)

@: no status effects
A: almost no armour, stealthy swim, amphibious, 8 rings, constrict 8, camouflage
1, gelatinous body 1
a: no special abilities


You were on level 6 of the Dungeon.
You were not hungry.

You visited 1 branch of the dungeon, and saw 6 of its levels.

You collected 291 gold pieces.

Inventory:

Hand Weapons
 a - a +0 dagger of venom (weapon)
 b - a +1 blowgun
 j - a +2 dagger
Missiles
 c - 28 poisoned needles
 d - 2 curare-tipped needles
 h - 349 stones
 k - a tomahawk of returning (quivered)
 m - 4 javelins
 q - 19 tomahawks
 y - 2 throwing nets
Armour
 t - a +0 buckler (worn)
Jewellery
 e - a +6 ring of dexterity (left tentacle)
 A - an amulet of magic regeneration (around mantle)
Wands
 i - a wand of digging (5)
Scrolls
 g - a scroll of amnesia
 l - 4 scrolls of remove curse
 n - a scroll of enchant weapon
 w - a scroll of magic mapping
 x - a scroll of teleportation
Potions
 o - 3 potions of flight
 p - a potion of brilliance
 r - a potion of magic
 s - a potion of mutation
 u - a potion of agility
 v - a potion of might {unknown}
 B - a potion of curing
Comestibles
 f - 7 rations


   Skills:
 - Level 2.0 Fighting
 * Level 5.6 Short Blades
 - Level 5.0 Throwing
 - Level 3.1 Dodging
 - Level 6.0 Stealth
 * Level 3.8 Shields


You had 7 spell levels left.
You didn't know any spells.
Your spell library was empty.

Dungeon Overview and Level Annotations

Branches:
Dungeon (6/15)
 Temple: D:4-7

Altars:
Okawaru
Ru
Wu Jian


Innate Abilities, Weirdness & Mutations

You cannot wear most types of armour.
You are very stealthy in the water. (Stealth+)
You are amphibious.
You can wear up to eight rings at the same time.
You can use your tentacles to constrict eight enemies at once.
Your skin changes colour to match your surroundings (Stealth+).
Your rubbery body absorbs attacks. (AC +1, EV +1)


Message History

You shoot a poisoned needle.
The poisoned needle hits the orc warrior!
The orc warrior looks as sick as possible!
The orc warrior is lightly wounded.
Firing (i - inventory. (/) - cycle)
c - 29 poisoned needles (quivered)
Press: ? - help, Shift-Dir - straight line, f/p - orc warrior
Aim: an orc warrior, wielding a +0 trident and wearing a +0 chain mail (lightly wounded, poisoned)
You shoot a poisoned needle.
The poisoned needle hits the orc warrior.
The orc warrior looks as sick as possible!
The orc warrior is lightly wounded.
The orc warrior hits you from afar with a +0 trident.
There is a stone staircase leading up, spattered with blood here.
Your +0 dagger of venom begins to drip with poison!
a - a +0 dagger of venom (weapon)
The orc warrior hits you with a +0 trident!!
Ouch! That really hurt!
The orc shouts!
The orc warrior hits you with a +0 trident!!
You die...

#..........#....##.......#
#.>............###.......## .
.
##..............##........##.#
. ####..................##....
. #..#...........o........#
##. #..............(<....###
#..
##...........o(......o.####..
#.#.........o#.........##..#
#####..#>..@.#......#.o.†...
###.............#...#o..
#.......#...##..#..##..
#....##.##.###.....##..
##................###..
#................# ...
##...............# ...
##.........##..## ...
####............#


You could see an orc warrior and 2 orcs.

Vanquished Creatures
  A water moccasin (D:6)
  A sky beast (D:6)
  An ogre (D:5)
  A jelly (D:5)
  A hound (D:4)
  3 orc priests
  3 orc wizards
  An iguana (D:5)
  2 worker ants
  Natasha (thrice) (D:4)
  A howler monkey zombie (D:6)
  4 gnolls (D:3)
  7 adders
  8 worms
  2 dart slugs
  5 leopard geckos
  17 orcs
  12 bats
  11 giant cockroaches
  12 goblins
  12 hobgoblins
  10 jackals
  4 quokkas
  A ball python (D:1)
  4 frilled lizards
  8 kobolds
  2 leopard gecko skeletons
  11 rats
148 creatures vanquished.

Notes
Turn   | Place    | Note
-------+----------+-------------------------------------------
     0 | D:1      | MrRokkomies the Octopode Assassin began the quest for the
                  | Orb.
     0 | D:1      | Reached XP level 1. HP: 14/14 MP: 1/1
    32 | D:1      | Reached XP level 2. HP: 19/19 MP: 2/2
   193 | D:1      | Reached XP level 3. HP: 13/24 MP: 3/3
   819 | D:2      | Reached XP level 4. HP: 29/29 MP: 4/4
  1515 | D:2      | Reached skill level 6 in Stealth
  2038 | D:3      | Reached XP level 5. HP: 16/34 MP: 5/5
  3038 | D:3      | Reached XP level 6. HP: 35/39 MP: 6/6
  3289 | D:4      | Noticed Natasha
  3296 | D:4      | Killed Natasha
  3324 | D:4      | Found an ornate altar of the Wu Jian Council.
  3520 | D:4      | Noticed Natasha
  3526 | D:4      | Killed Natasha
  3611 | D:4      | Noticed Natasha
  3640 | D:4      | Killed Natasha
  3640 | D:4      | Reached skill level 5 in Throwing
  3762 | D:4      | Found an iron altar of Okawaru.
  4344 | D:5      | Entered Level 5 of the Dungeon
  4354 | D:5      | Reached XP level 7. HP: 45/45 MP: 7/7
  4393 | D:5      | Reached skill level 1 in Shields
  5028 | D:5      | Reached skill level 5 in Short Blades
  5082 | D:5      | Found a sacrificial altar of Ru.
  5122 | D:5      | Got an ancient falchion
  5123 | D:5      | Identified the +2 falchion of Cataclysm {freeze, rPois}
                  | (You found it on level 5 of the Dungeon)
  5656 | D:6      | Reached XP level 8. HP: 42/50 MP: 8/8
  5733 | D:6      | Slain by an orc warrior

Levels and vault maps discovered:
D:1:      saegor_arrival_simple_e, layout_rooms
D:2:      minmay_razor_zed, layout_basic, first_ration
D:3:      layout_basic
D:4:      layout_layer_cave, overflow_temple_1_default, lemuel_doored_altar,
          uniq_natasha
D:5:      layout_basic, overflow_temple_1_default
D:6:      layout_cave_pools, kennysheep_little_box

Skill      XL: |  1  2  3  4  5  6  7 |
---------------+----------------------+-----
Dodging        | 2 3 |  3.1
Throwing       | 3 4 5 |  5.0
Stealth        | 6 |  6.0
Short Blades   | 4 5 |  5.6
Shields        | 3 |  3.8
Fighting       | |  2.0

Action                   |  1- 3 |  4- 6 |  7- 9 || total
-------------------------+-------+-------+-------++-------
Melee: Dagger            |    57 |   187 |    44 ||   288
       Constrict         |    13 |    55 |     6 ||    74
       Tentacles         |     5 |    51 |    14 ||    70
 Fire: Blowgun           |       |     9 |    18 ||    27
Throw: Stone             |     8 |     4 |     3 ||    15
       Tomahawk          |     3 |    28 |     4 ||    35
  Use: Scroll            |     5 |    10 |     3 ||    18
       Potion            |       |     1 |     2 ||     3
 Stab: Sleeping          |    10 |    24 |     5 ||    39
       Distracted        |       |     1 |       ||     1
  Eat: Chunk             |       |    11 |     2 ||    13
       Ration            |       |       |     1 ||     1
Armor: Skin              |    14 |     9 |     2 ||    25
Dodge: Dodged            |    32 |    92 |    22 ||   146
Block: Buckler           |       |     1 |     4 ||     5

Table legend:
 A = Non-vault XP
 B = Vault XP
 C = Vault XP percentage of total XP
 D = Non-vault monster count
 E = Vault monster count
 F = Vault count percentage of total count
                 A         B        C        D         E       F
            +---------+---------+-------+---------+---------+-------
      Total |    1282 |      63 |   4.7 |     133 |      15 |  10.1
            +---------+---------+-------+---------+---------+-------
        D:1 |      45 |       0 |   0.0 |      25 |       0 |   0.0
        D:2 |      80 |      31 |  27.9 |      30 |      14 |  31.8
        D:3 |     229 |       0 |   0.0 |      41 |       0 |   0.0
        D:4 |     196 |      32 |  14.0 |      18 |       1 |   5.3
        D:5 |     438 |       0 |   0.0 |      15 |       0 |   0.0
        D:6 |     294 |       0 |   0.0 |       4 |       0 |   0.0
            +---------+---------+-------+---------+---------+-------
